 Dungeon Sprint DCSS version 0.26-a0-1002-g7355149c4d (webtiles) character file.

Game seed: 9968834981965704519

168546 mhtbhm the Swordmaster (level 16, 0/150 HPs)
             Began as a Barachi Berserker on Dec 6, 2020.
             Was the Champion of Trog.
             Killed by vampiric draining
             ... invoked by Jory
              (20 damage)
             ... in the Dungeon (Sprint IX: "|||||||||||||||||||||||||||||") on Dec 7, 2020.
             The game lasted 00:28:23 (6948 turns).

mhtbhm the Swordmaster (Barachi Berserker)          Turns: 6948, Time: 00:28:23

Health: 0/150      AC: 38    Str: 32    XL:     16   Next: 39%
Magic:  1/16       EV: 18    Int: 18    God:    Trog [******]
Gold:   442        SH:  0    Dex: 13    Spells: 15/15 levels left

rFire    + . .     SeeInvis .   D - +11 great sword "Fufoan" {flame, *Drain rElec Str+9}
rCold    . . .     Faith    .   (shield currently unavailable)
rNeg     . . .     Spirit   .   b - +13 chain mail of the Insatiable Yaks {Int+3}
rPois    +         Reflect  .   m - +2 hat
rElec    +         Harm     .   F - +1 cloak
rCorr    .         Rampage  +   r - +1 pair of gloves
Will     +....     NoTele   +   t - +0 pair of boots {rampage}
Stlth    +.........             y - amulet "Kowex" {Regen+ Int+3}
HPRegen  0.75/turn              q - ring of Yreoti Bakh {rPois rF+ Int+3}
MPRegen  0.15/turn              x - ring "Nimmy" {rElec Stlth+}

@: mesmerised, very slightly contaminated, slow
A: +LOS, swims, frail 1, slowness 1, strong legs 2
}: 4/17 runes: decaying, serpentine, barnacled, gossamer
a: Hop, Berserk, Trog's Hand, Brothers in Arms, Renounce Religion


You were in the Dungeon.
You worshipped Trog.
Trog was exalted by your worship.
You visited 1 branch You collected 1880 gold pieces.
You spent 1438 gold pieces at shops.

Inventory:

Hand Weapons
 o - a +2 scimitar of flaming
 w - the +10 executioner's axe of Righteous Anger {vorpal, rN+ Dex+2}
   (Trog gifted it to you in the Dungeon)

   It inflicts extra damage upon your enemies.
   It affects your dexterity (+2).
   It protects you from negative energy.
 D - the +11 great sword "Fufoan" (weapon) {flame, *Drain rElec Str+9}
   (Trog gifted it to you in the Dungeon)

   It has been specially enchanted to burn those struck by it, causing extra
   injury to most foes and up to half again as much damage against particularly
   susceptible opponents.
   Big, fiery blades are also staple armaments of hydra-hunters.
   It affects your strength (+9).
   It insulates you from electricity.
   It causes draining when unequipped.
 H - the +7 great sword "Bulaci" {antimagic, rN++ WL+}
   (Trog gifted it to you in the Dungeon)

   It reduces the magical energy of the wielder, and disrupts the spells and
   magical abilities of those hit.
   Natural abilities and divine invocations are not affected.
   It greatly protects you from negative energy.
   It affects your willpower, your defense against some magical effects.
Missiles
 l - 28 javelins (quivered)
 I - 61 silver javelins
Armour
 b - the +13 chain mail of the Insatiable Yaks (worn) {Int+3}
   (You found it in the Dungeon)

   It affects your intelligence (+3).
 m - a +2 hat (worn)
 r - a +1 pair of gloves (worn)
 t - a +0 pair of boots of rampaging (worn)
 F - a +1 cloak (worn)
Jewellery
 n - an uncursed ring of willpower
 q - the ring of Yreoti Bakh (left hand) {rPois rF+ Int+3}
   (You bought it in a shop in the Dungeon)

   [ring of poison resistance]

   It affects your intelligence (+3).
   It protects you from fire.
   It protects you from poison.
 x - the ring "Nimmy" (right hand) {rElec Stlth+}
   (You bought it in a shop in the Dungeon)

   [ring of stealth]

   It insulates you from electricity.
   It makes you more stealthy.
 y - the amulet "Kowex" (around neck) {Regen+ Int+3}
   (You bought it in a shop in the Dungeon)

   [amulet of regeneration]

   It affects your intelligence (+3).
   It increases your rate of regeneration.
 E - a +6 ring of strength
Wands
 k - a wand of iceblast (14)
Scrolls
 h - 5 scrolls of blinking
 j - 3 scrolls of remove curse
 s - 4 scrolls of enchant weapon
 z - 2 scrolls of enchant armour
 A - 4 scrolls of fear
 G - a scroll of fog
Potions
 c - 5 potions of curing
 d - 6 potions of heal wounds
 e - 7 potions of haste
 f - 4 potions of magic
 g - 5 potions of berserk rage
 i - a potion of invisibility
 p - 4 potions of might
 u - 2 potions of resistance
 v - 3 potions of mutation


   Skills:
 O Level 27 Fighting
 O Level 27 Long Blades
 + Level 21.8 Throwing
 + Level 21.4 Armour
 + Level 14.4 Dodging
 - Level 4.4 Stealth
 + Level 0.5 Evocations


You had 15 spell levels left.
You didn't know any spells.
Your spell library was empty.

Dungeon Overview and Level Annotations

Branches:
Dungeon (1/1)

Altars:
Cheibriados
Dithmenos
Elyvilon
Fedhas
Gozag
Hepliaklqana
Kikubaaqudgha
Makhleb
Nemelex Xobeh
Okawaru
Qazlal
Ru
Sif Muna
Trog
Uskayaw
Vehumet
Wu Jian
Xom
Yredelemnul
Zin
The Shining One
Beogh
Jiyva
Lugonu

Shops:
D [===

Annotations:
D Jory


Innate Abilities, Weirdness & Mutations

You can be seen from farther away. (+LOS)
You can swim through water.
You cover ground slowly.
You can hop long distances.
You are frail. (-10% HP)


Message History

You slash Jory! You burn Jory.
Jory is heavily damaged.
You slash Jory! You burn Jory.
Jory is severely damaged.
Jory misses you. Jory bites you but does no damage.
You carve Jory like a ham!!! You burn Jory!
Jory is almost destroyed.
Jory casts a spell at you. The crystal spear hits you!
You hit Jory but do no damage.
Jory is almost destroyed.
You hit Jory but do no damage.
Jory is almost destroyed.
Jory is infused with unholy energy.
* * * LOW HITPOINT WARNING * * *
Jory draws life force from you and is healed!
You hit Jory. You burn Jory.
Jory is severely damaged.
Jory is infused with unholy energy.
You die...

▓▓▓▓▓▓▓▓▓▓▓▓▓▓▓▓▓
.......V@.......▓
▓▓▓▓▓▓▓▓▓▓▓▓▓▓▓▓▓▓▓▓▓▓▓.▓
.....†))))..))))...'.)..▓
▓▓▓▓▓▓▓▓▓▓▓▓▓▓▓▓▓▓▓▓▓▓▓▓▓
........................▓
▓▓▓▓▓▓▓▓▓▓▓▓▓▓▓▓▓▓▓▓▓▓▓.▓
.............'..........▓
▓▓▓▓▓▓▓▓▓▓▓▓▓▓▓▓▓▓▓▓▓▓▓▓▓
........................▓


You could see Jory (mesmerising).

Vanquished Creatures
  Boris (D)
  Saint Roka (D)
  A tentacled monstrosity (D)
  Frances (D)
  Gastronok (D)
  A storm dragon (D)
  2 nagarajas (D)
  Ilsuiw (D)
  2 vault wardens (D)
  3 ghost moths (D)
  3 emperor scorpions (D)
  An ironheart preserver (D)
  Nessos (D)
  4 stone giants (D)
  A black draconian (D)
  A bunyip (D)
  2 spark wasps (D)
  Snorg (D)
  A crystal guardian (D)
  6 merfolk javelineers (D)
  A fire dragon (D)
  3 merfolk impalers (D)
  3 eleionomae (D)
  A yaktaur captain (D)
  11 hydras (D)
  Erolcha (D)
  4 naga warriors (D)
  A merfolk aquamancer (D)
  A catoblepas (D)
  An ice dragon (D)
  An anaconda (D)
  2 death yaks (D)
  Urug (D)
  4 orc high priests (D)
  A tengu warrior (D)
  A deep troll earth mage (D)
  A naga sharpshooter (D)
  A shock serpent (D)
  A shock serpent (shapeshifter) (D)
  2 spriggans (D)
  A deep elf knight (D)
  A salamander mystic (D)
  3 sea snakes (D)
  An unseen horror (D)
  A naga ritualist (D)
  3 swamp dragons (D)
  An ironbrand convoker (D)
  3 orc knights (D)
  2 orc sorcerers (D)
  An orb spider (shapeshifter) (D)
  4 manticores (D)
  4 wolf spiders (D)
  3 cyclopes (D)
  A will-o-the-wisp (D)
  An elephant (D)
  Joseph (D)
  5 black mambas (D)
  A naga mage (D)
  2 guardian serpents (D)
  A cane toad (D)
  2 eyes of devastation (D)
  A rime drake (D)
  2 freezing wraiths (D)
  A yaktaur (D)
  2 demonic crawlers (D)
  A komodo dragon (D)
  4 jumping spiders (D)
  A tengu conjurer (D)
  A troll (shapeshifter) (D)
  A troll (D)
  2 merfolk (D)
  2 hornets (D)
  A wind drake (D)
  2 snapping turtles (D)
  A slime creature (D)
  A blink frog (D)
  6 yaks (D)
  A wraith (D)
  2 redbacks (D)
  2 tarantellas (D)
  A basilisk (D)
  A warg (D)
  5 nagas (D)
  2 water moccasins (D)
  13 orc warriors (D)
  A swamp drake (D)
  A black bear (shapeshifter) (D)
  2 boggarts (D)
  2 centaurs (D)
  A wolf (D)
  A big kobold (D)
  3 bullfrogs (D)
  A killer bee (D)
  A jelly (D)
  6 orc priests (D)
  4 orc wizards (D)
  A worker ant (D)
  2 adder zombies (D)
  12 orcs (D)
  3 bats (D)
  A bat skeleton (D)
  A bat zombie (D)
  3 jackals (D)
  A leopard gecko skeleton (D)
  2 rats (D)
224 creatures vanquished.

Vanquished Creatures (collateral kills)
  A frost giant (D)
  A fire giant (D)
  A vampire knight (D)
  3 ice dragons (D)
  A death yak (D)
  A tengu warrior (D)
  2 ogre magi (D)
  A cyclops (shapeshifter) (D)
  A black mamba (D)
  A vault sentinel (D)
  3 yaktaurs (D)
  A blink frog (D)
  A boggart (D)
  A bullfrog (D)
  A bat skeleton (D)
20 creatures vanquished.

Vanquished Creatures (others)
  A merfolk aquamancer (D)
  A foxfire (D)
2 creatures vanquished.

Grand Total: 246 creatures vanquished

Notes
Turn   | Place    | Note
-------+----------+-------------------------------------------
     0 | D        | mhtbhm the Barachi Berserker began the quest for the Orb.
     0 | D        | Reached XP level 1. HP: 18/18 MP: 1/1
     9 | D        | Reached ** piety under Trog
   102 | D        | Noticed a centaur
   110 | D        | Killed a centaur
   110 | D        | Reached *** piety under Trog
   111 | D        | Reached XP level 2. HP: 31/31 MP: 2/2
   111 | D        | Reached XP level 3. HP: 36/36 MP: 3/3
   111 | D        | Reached XP level 4. HP: 43/43 MP: 4/4
   188 | D        | Found a roughly hewn altar of Beogh.
   188 | D        | Found a snail-covered altar of Cheibriados.
   188 | D        | Found a shadowy altar of Dithmenos.
   188 | D        | Found a white marble altar of Elyvilon.
   188 | D        | Found a blossoming altar of Fedhas.
   188 | D        | Found an opulent altar of Gozag.
   188 | D        | Found a hazy altar of Hepliaklqana.
   189 | D        | Found a viscous altar of Jiyva.
   190 | D        | Found an ancient bone altar of Kikubaaqudgha.
   191 | D        | Found a corrupted altar of Lugonu.
   192 | D        | Found a burning altar of Makhleb.
   193 | D        | Found a sparkling altar of Nemelex Xobeh.
   194 | D        | Found an iron altar of Okawaru.
   195 | D        | Found a stormy altar of Qazlal.
   196 | D        | Found a sacrificial altar of Ru.
   197 | D        | Found a shimmering blue altar of Sif Muna.
   198 | D        | Found a bloodstained altar of Trog.
   199 | D        | Found a hide-covered altar of Uskayaw.
   200 | D        | Found a radiant altar of Vehumet.
   201 | D        | Found an ornate altar of the Wu Jian Council.
   202 | D        | Found a shimmering altar of Xom.
   203 | D        | Found a basalt altar of Yredelemnul.
   204 | D        | Found a glowing silver altar of Zin.
   205 | D        | Found a glowing golden altar of the Shining One.
   253 | D        | Noticed an orc warrior
   253 | D        | Noticed a big kobold
   260 | D        | Killed an orc warrior
   260 | D        | Reached **** piety under Trog
   261 | D        | Reached XP level 5. HP: 45/51 MP: 5/5
   267 | D        | Reached skill level 5 in Dodging
   267 | D        | Reached XP level 6. HP: 35/58 MP: 6/6
   269 | D        | Reached skill level 5 in Armour
   270 | D        | Reached skill level 10 in Long Blades
   273 | D        | Reached ***** piety under Trog
   274 | D        | Reached skill level 10 in Fighting
   527 | D        | Noticed a manticore
   527 | D        | Noticed a tengu warrior
   527 | D        | Noticed a troll
   527 | D        | Noticed an orc warrior
   537 | D        | Killed a manticore
   538 | D        | Reached skill level 1 in Stealth
   538 | D        | Reached XP level 7. HP: 69/69 MP: 7/7
   543 | D        | Killed a tengu warrior
   544 | D        | Reached XP level 8. HP: 78/78 MP: 8/8
   545 | D        | Killed a troll
   552 | D        | Reached XP level 9. HP: 58/85 MP: 9/9
   555 | D        | Received a gift from Trog
   556 | D        | Found the +11 plutonium sword {*Contam Stlth-}
   813 | D        | Noticed a black mamba
   813 | D        | Noticed a black mamba
   813 | D        | Noticed a five-headed hydra
   816 | D        | Noticed a cane toad
   817 | D        | Reached skill level 15 in Long Blades
   826 | D        | Killed an eight-headed hydra
   827 | D        | Reached skill level 10 in Armour
   830 | D        | Killed a black mamba
   832 | D        | Killed a black mamba
   833 | D        | Reached XP level 10. HP: 84/95 MP: 10/10
   835 | D        | Killed a cane toad
   840 | D        | Reached ****** piety under Trog
   841 | D        | Reached skill level 15 in Fighting
  1058 | D        | Noticed a black mamba
  1059 | D        | Noticed a death yak
  1061 | D        | Received a gift from Trog
  1070 | D        | Noticed an elephant
  1080 | D        | Noticed a storm dragon
  1080 | D        | a death yak changed into a storm dragon
  1380 | D        | HP: 7/144 [storm dragon/bolt of lightning (30)]
  1382 | D        | HP: 3/144 [storm dragon (4)]
  1383 | D        | Killed a storm dragon
  1384 | D        | Reached skill level 10 in Dodging
  1394 | D        | Killed a black mamba
  1394 | D        | Received a gift from Trog
  1395 | D        | Reached XP level 11. HP: 19/104 MP: 11/11
  1826 | D        | Noticed a death yak
  1826 | D        | Noticed a catoblepas
  1826 | D        | Noticed a death yak
  1829 | D        | Noticed a death yak
  2144 | D        | Killed a death yak
  2161 | D        | Killed a death yak
  2164 | D        | Killed a death yak
  2388 | D        | Killed a catoblepas
  3174 | D        | Received a gift from Trog
  3211 | D        | Got a bloodstained executioner's axe {god gift}
  3225 | D        | Noticed an orc high priest
  3226 | D        | Noticed an orc knight
  3364 | D        | Received a gift from Trog
  3579 | D        | Killed an orc high priest
  3605 | D        | Killed an orc knight
  3701 | D        | Received a gift from Trog
  3729 | D        | Found Yfakeef's Antique Armour Emporium.
  3729 | D        | Noticed an orc sorcerer
  3729 | D        | Noticed an orc high priest
  3729 | D        | Noticed an orc knight
  3729 | D        | Noticed an orc high priest
  3729 | D        | Noticed an orc high priest
  3729 | D        | Noticed an orc sorcerer
  3729 | D        | Paralysed by an orc sorcerer for 4 turns
  3734 | D        | Killed an orc sorcerer
  3735 | D        | Noticed a sixfirhy
  3735 | D        | Found Gufiqino's Jewellery Shoppe.
  3737 | D        | Killed an orc high priest
  3738 | D        | Reached XP level 12. HP: 116/116 MP: 12/12
  3742 | D        | Killed an orc high priest
  3745 | D        | Noticed a soul eater
  3747 | D        | Found Semukh's Jewellery Emporium.
  3758 | D        | Found Unulupn's Jewellery Shoppe.
  3762 | D        | Received a gift from Trog
  3765 | D        | Killed an orc high priest
  4143 | D        | Received a gift from Trog
  4186 | D        | Bought the ring of Yreoti Bakh {rPois rF+ Int+3} for 564
                  | gold pieces
  4186 | D        | Bought the ring "Nimmy" {rElec Stlth+} for 441 gold pieces
  4190 | D        | Bought the amulet "Kowex" {Regen+ Int+3} for 433 gold
                  | pieces
  4201 | D        | Identified the +10 executioner's axe of Righteous Anger
                  | {vorpal, rN+ Dex+2} (Trog gifted it to you in the Dungeon)
  4275 | D        | Noticed Gastronok
  4276 | D        | Noticed Joseph
  4288 | D        | Killed Gastronok
  4292 | D        | Killed Joseph
  4328 | D        | Noticed Urug
  4338 | D        | Killed Urug
  4516 | D        | Got the +13 chain mail of the Insatiable Yaks {Int+3}
  4550 | D        | Noticed an ogre mage
  4552 | D        | Noticed an ogre mage
  4552 | D        | Noticed a stone giant
  4560 | D        | Received a gift from Trog
  4566 | D        | Killed a stone giant
  4570 | D        | Killed an ogre mage
  4571 | D        | Killed an ogre mage
  4571 | D        | Received a gift from Trog
  4572 | D        | Reached skill level 15 in Armour
  4573 | D        | Noticed a fire giant
  4576 | D        | Killed a fire giant
  4577 | D        | Reached skill level 1 in Throwing
  4579 | D        | Received a gift from Trog
  4730 | D        | Noticed Snorg
  4731 | D        | Noticed Frances
  4744 | D        | Killed Snorg
  4745 | D        | Gained mutation: You can hop long distances. [Barachi
                  | growth]
  4745 | D        | Reached XP level 13. HP: 127/127 MP: 13/13
  4751 | D        | Killed Frances
  4831 | D        | Noticed Erolcha
  4834 | D        | Paralysed by Erolcha for 2 turns
  4837 | D        | Killed Erolcha
  4849 | D        | Noticed Nessos
  4867 | D        | Killed Nessos
  5050 | D        | Received a gift from Trog
  5050 | D        | Noticed a merfolk javelineer
  5075 | D        | Killed a merfolk javelineer
  5133 | D        | Noticed a spark wasp
  5141 | D        | Received a gift from Trog
  5151 | D        | Killed a spark wasp
  5337 | D        | Received a gift from Trog
  5343 | D        | Reached skill level 5 in Throwing
  5347 | D        | Received a gift from Trog
  5360 | D        | Got a smouldering great sword {god gift}
  5451 | D        | Noticed an eleionoma
  5451 | D        | Noticed an eleionoma
  5451 | D        | Noticed a bunyip
  5451 | D        | Noticed an eleionoma
  5459 | D        | Reached XP level 14. HP: 134/139 MP: 14/14
  5467 | D        | Received a gift from Trog
  5507 | D        | Received a gift from Trog
  5508 | D        | Noticed Saint Roka
  5528 | D        | Killed Saint Roka
  5717 | D        | Noticed a stone giant
  5719 | D        | Received a gift from Trog
  5723 | D        | Noticed a frost giant
  5726 | D        | Killed a stone giant
  5727 | D        | Reached skill level 27 in Long Blades
  5729 | D        | Noticed a vampire knight
  5736 | D        | Received a gift from Trog
  5739 | D        | Killed a frost giant
  5740 | D        | Reached skill level 10 in Throwing
  5744 | D        | Killed a vampire knight
  5751 | D        | Noticed a stone giant
  5788 | D        | Killed a stone giant
  5957 | D        | Received a gift from Trog
  5996 | D        | Noticed a black draconian
  5996 | D        | a slime creature changed into a black draconian
  6000 | D        | Killed a black draconian
  6006 | D        | Noticed a vault warden
  6009 | D        | Received a gift from Trog
  6018 | D        | Killed a vault warden
  6018 | D        | Received a gift from Trog
  6019 | D        | Reached XP level 15. HP: 99/153 MP: 15/15
  6019 | D        | Noticed a vault warden
  6042 | D        | Killed a vault warden
  6073 | D        | Received a gift from Trog
  6431 | D        | Noticed Boris
  6442 | D        | Killed Boris
  6442 | D        | Received a gift from Trog
  6443 | D        | Reached skill level 15 in Throwing
  6449 | D        | Identified the +11 great sword "Fufoan" {flame, *Drain
                  | rElec Str+9} (Trog gifted it to you in the Dungeon)
  6450 | D        | Got an ichor-stained great sword {god gift}
  6522 | D        | Received a gift from Trog
  6523 | D        | Noticed a tentacled monstrosity
  6532 | D        | Killed a tentacled monstrosity
  6542 | D        | Got a decaying rune of Zot
  6564 | D        | Noticed Ilsuiw
  6571 | D        | Received a gift from Trog
  6585 | D        | Killed Ilsuiw
  6589 | D        | Received a gift from Trog
  6598 | D        | Got a barnacled rune of Zot
  6718 | D        | Noticed an emperor scorpion
  6718 | D        | Noticed an emperor scorpion
  6723 | D        | Killed a ghost moth
  6723 | D        | Received a gift from Trog
  6724 | D        | Reached skill level 27 in Fighting
  6724 | D        | Reached XP level 16. HP: 167/167 MP: 0/16
  6771 | D        | Received a gift from Trog
  6787 | D        | Got a gossamer rune of Zot
  6847 | D        | Noticed a nagaraja
  6847 | D        | Noticed a nagaraja
  6860 | D        | Killed a nagaraja
  6860 | D        | Received a gift from Trog
  6866 | D        | Killed a nagaraja
  6882 | D        | Received a gift from Trog
  6904 | D        | Got a serpentine rune of Zot
  6914 | D        | Identified the +7 great sword "Bulaci" {antimagic, rN++
                  | WL+} (Trog gifted it to you in the Dungeon)
  6925 | D        | Gained mutation: You are frail. (-10% HP) [mutagenic glow]
  6934 | D        | Noticed Jory
  6948 | D        | Killed from afar by Jory

Illustrated notes

Levels and vault maps discovered:
D:        linesprint [early_d, line_temple, items_1, d_10, items_2, lair_1,
          lair_end, items_3, orc_1, orc_end, items_4, d_15, swamp_1, shoals_1,
          snake_1, spider_1, d_20, vaults_1, items_5, swamp_end, shoals_end,
          snake_end, spider_end, vaults_end, d_27, items_6, zot_1, zot_end,
          crypt_end, forest_end, elf_end, slime_end, tomb_end, abyss_end,
          pan_hell_end]

Skill      XL: |  1  2  3  4  5  6  7  8  9 10 11 12 13 14 15 16 |
---------------+-------------------------------------------------+-----
Fighting       | 7 8 9 11 12 13 14 16 17 19 21 24 27 | 27.0
Long Blades    | 7 9 12 14 16 18 21 24 26 27 | 27.0
Armour         | 3 4 6 8 10 12 14 15 17 18 20 21 | 21.4
Dodging        | 3 4 5 6 7 9 10 11 12 13 14 | 14.4
Stealth        | 1 2 3 4 |  4.4
Throwing       | 1 5 12 19 21 | 21.8
Evocations     | |  0.5

Action                   |  1- 3 |  4- 6 |  7- 9 | 10-12 | 13-15 | 16-18 || total
-------------------------+-------+-------+-------+-------+-------+-------++-------
Melee: Falchion          |    18 |     5 |       |       |       |       ||    23
       Scimitar          |       |    28 |    17 |       |       |       ||    45
       Triple sword      |       |       |    18 |   180 |   184 |    64 ||   446
       Great sword       |       |       |       |       |       |    12 ||    12
Throw: Javelin           |       |       |       |     1 |    97 |     4 ||   102
Invok: Berserk           |     1 |     2 |     1 |     8 |     4 |     2 ||    18
       Brothers in Arms  |       |       |       |     3 |     3 |       ||     6
       Trog's Hand       |       |       |       |       |     1 |       ||     1
 Abil: Hop               |       |       |       |     2 |     3 |       ||     5
Evoke: Wand              |       |     1 |       |       |       |       ||     1
  Use: Scroll            |       |       |       |     4 |     1 |       ||     5
       Potion            |       |       |       |     2 |     1 |       ||     3
Armor: Animal skin       |     5 |       |       |       |       |       ||     5
       Scale mail        |       |     7 |     9 |    54 |       |       ||    70
       Chain mail        |       |       |       |    20 |   130 |    72 ||   222
Dodge: Dodged            |    13 |    15 |    19 |   121 |   129 |    52 ||   349
       Rpst.: Falchion   |     3 |     1 |       |       |       |       ||     4
       Scimitar          |       |     1 |     3 |       |       |       ||     4
       Triple sword      |       |       |     1 |    29 |    24 |     6 ||    60

Table legend: (Time is in decaauts)
 A = Elapsed time spent in this place.
 B = Non-inter-level travel time spent in this place.
 C = Inter-level travel time spent in this place.
 D = Time resting spent in this place.
 E = Time spent auto-exploring this place.
 F = Levels seen in this place.
 G = Mean time per level.
                   A        B        C        D        E       F      G
               +--------+--------+--------+--------+--------+-----+--------+
         Total |   7449 |   7449 |      0 |   3387 |   1371 |   1 | 7449.0 |
       Dungeon |   7449 |   7449 |      0 |   3387 |   1371 |   1 | 7449.0 |
               +--------+--------+--------+--------+--------+-----+--------+

Top non-repeatable levels by time:
       D: 7449 daAuts
